 Dungeon Crawl Stone Soup version 0.17.0-9-g801d43b (webtiles) character file.

2739 imganon the Destroyer (level 9, -6/57 HPs)
             Began as a Demonspawn Wizard on Nov 9, 2015.
             Mangled by Prince Ribbit (16 damage)
             ... on level 8 of the Dungeon.
             The game lasted 00:50:48 (11948 turns).

imganon the Destroyer (Demonspawn Wizard)          Turns: 11948, Time: 00:50:48

Health: -6/57      AC:  9    Str: 13    XL:     9   Next: 40%
Magic:  2/25       EV: 17    Int: 22    God:
Gold:   285        SH:  3    Dex: 12    Spells: 5 memorised, 7 levels left

rFire  . . .     SeeInvis .     (no weapon)
rCold  + . .     Clarity  .     H - +1 robe {rC+}
rNeg   . . .     SustAt   .     (no shield)
rPois  .         Gourm    .     b - +0 hat
rElec  .         Spirit   .     w - +0 cloak
rCorr  .         Warding  .     E - +0 pair of gloves
rMut   .         Stasis   .     B - +0 pair of boots
MR     .....                    (no amulet)
Stlth  ++........               k - +5 ring of evasion
                                D - ring of magical power

@: mighty, very slightly contaminated, not resistant to hostile enchantments,
unstealthy
A: large bone plates 2, powered by pain 2
a: no special abilities


You were on level 8 of the Dungeon.
You were not hungry.

You visited 1 branch of the dungeon, and saw 9 of its levels.

You collected 307 gold pieces.
You spent 22 gold pieces at shops.

Inventory:

Armour
 a - a +0 robe
 b - a +0 hat (worn)
 w - a +0 cloak (worn)
 B - a +0 pair of boots (worn)
 E - a +0 pair of gloves (worn)
 H - a +1 robe of cold resistance (worn)
Jewellery
 k - a +5 ring of evasion (right hand)
 m - an uncursed ring of wizardry
 y - an uncursed ring of positive energy
 D - a ring of magical power (left hand)
Wands
 p - a wand of magic darts (14)
 r - a wand of random effects (28)
 P - a wand of disintegration (13)
Scrolls
 g - a scroll of fear {unknown}
 i - 4 scrolls of identify
 j - 2 scrolls of random uselessness {unknown}
 n - 3 scrolls of remove curse
 o - 2 scrolls of teleportation {unknown}
 s - a scroll of magic mapping {unknown}
 u - 8 scrolls of enchant armour {unknown}
 x - 2 scrolls of fog {unknown}
 F - 2 scrolls of recharging {unknown}
 G - a scroll of amnesia {unknown}
 M - a scroll of summoning {unknown}
 N - a scroll of noise {unknown}
 O - a scroll of enchant weapon {unknown}
Potions
 e - a potion of magic {unknown}
 f - 3 potions of curing
 h - a potion of flight {unknown}
 l - 2 potions of cancellation {unknown}
 q - 2 potions of mutation {unknown}
 t - a potion of might {unknown}
 z - a potion of lignification {unknown}
 C - a potion of invisibility {unknown}
 I - a potion of ambrosia {unknown}
 J - 3 potions of degeneration {unknown}
 L - a potion of heal wounds {unknown}
 R - a potion of agility
Books
 c - a book of Minor Magic

   Spells                             Type                      Level
   a - Magic Dart                     Conjuration                  1
   b - Blink                          Translocation                2
   c - Call Imp                       Summoning                    2
   d - Repel Missiles                 Charms/Air                   2
   e - Slow                           Hexes                        2
   f - Conjure Flame                  Conjuration/Fire             3
   g - Mephitic Cloud                 Conjuration/Poison/Air       3
 v - a book of Spatial Translocations

   Spells                             Type                      Level
   a - Apportation                    Translocation                1
   b - Blink                          Translocation                2
   c - Shroud of Golubria             Charms/Translocation         2
   d - Portal Projectile              Translocation                3
   e - Teleport Other                 Translocation                3
   f - Passage of Golubria            Translocation                4
Comestibles
 d - 7 bread rations
 A - 5 meat rations
 K - 4 fruits


   Skills:
 - Level 1.7 Dodging
 - Level 1.7 Stealth
 - Level 5.2 Spellcasting
 - Level 10.2 Conjurations
   Level 1.0 Summonings
 + Level 4.1 Translocations
 * Level 3.9 Fire Magic


You had 7 spell levels left.
You knew the following spells:

 Your Spells              Type           Power        Failure   Level  Hunger
a - Magic Dart            Conj           ####         1%          1    None
b - Blink                 Tloc           N/A          3%          2    None
c - Mephitic Cloud        Conj/Pois/Air  ###.....     10%         3    ##.....
d - Repel Missiles        Chrm/Air       #.....       17%         2    None
e - Conjure Flame         Conj/Fire      #####...     1%          3    ##.....


Dungeon Overview and Level Annotations

Branches:
Dungeon (9/15)             Temple (0/1) D:6
   Lair: D:8-11         Orc: D:9-12

Altars:
Fedhas
Nemelex Xobeh
Xom

Shops:
D:5 *=*![   D:6 :**[}

Annotations:
D:8 Prince Ribbit


Innate Abilities, Weirdness & Mutations

You are mostly covered in large bone plates (AC +3, SH +3).
You sometimes gain power by taking damage.


Message History

Casting: Blink
Confirm with . or Enter, or press ? or * to list all spells.
You blink.
Evoke which item? (* to show all) (? for menu, Esc to quit)
That item cannot be evoked!
Evoke which item? (* to show all) (? for menu, Esc to quit)
That item cannot be evoked!
Evoke which item? (* to show all) (? for menu, Esc to quit)
That item cannot be evoked!
Evoke which item? (* to show all) (? for menu, Esc to quit)
That item cannot be evoked!
Evoke which item? (* to show all) (? for menu, Esc to quit)
Okay, then.
Evoke which item? (* to show all) (? for menu, Esc to quit)
Zapping:
P - a wand of disintegration (will waste charges)
Press: ? - help, Shift-Dir - straight line, p - orc priest The rock wall explodes into countless fragments.
Evoking this partially-identified wand wasted a few charges.
Prince Ribbit hits you!
You die...

#........)...†..
##...(.....#####.
#..........#..^..
#..........##.#.#
##..........## #..
............##.#.#
...........>...#.#
###.####.########.#
##§####.@...##.#
#.#
g.?.%....F..##.#
#.#
#.)).#.....)##§#
#.# #..[
##.##go...# #o# #.
#....§...# #.#
##.#.....# #.#
#.##.##.########.#
...#.......o.....#
###.####.##########


You could see Prince Ribbit, an orc priest and a goblin.

Vanquished Creatures
  A spriggan (D:7)
  A wyvern (D:9)
  A hungry ghost (D:8)
  A wraith (D:8)
  Duvessa (D:6)
  2 ice beasts
  A sky beast (D:7)
  2 ogres
  2 centaurs (D:6)
  A scorpion (D:4)
  Dowan (D:6)
  4 giant frog zombies
  3 crimson imps
  5 hounds
  2 jellies
  Crazy Yiuf (D:3)
  4 orc priests
  Ijyb (D:3)
  2 giant frog skeletons (D:5)
  Jessica (D:2)
  5 orc wizards
  Terence (D:2)
  Natasha (thrice) (D:2 D:1)
  4 worker ants
  An iguana (D:5)
  A hound zombie (D:7)
  A centaur simulacrum (D:9)
  2 worker ant zombies
  Robin (D:2)
  7 gnolls
  11 adders
  A shadow imp (D:8)
  3 oozes
  2 adder skeletons
  A worm (D:5)
  3 giant geckos
  29 orcs
  7 bats
  11 giant cockroaches
  22 goblins
  7 hobgoblins
  7 jackals
  3 quokkas
  A ball python skeleton (D:4)
  2 giant newts
  7 kobolds
  A quokka skeleton (D:7)
  10 rats
191 creatures vanquished.

Vanquished Creatures (others)
  A fungus (D:7)
1 creature vanquished.

Grand Total: 192 creatures vanquished

Notes
Turn   | Place    | Note
--------------------------------------------------------------
     0 | D:1      | imganon the Demonspawn Wizard began the quest for the Orb.
     0 | D:1      | Reached XP level 1. HP: 13/13 MP: 4/4
   485 | D:1      | Gained mutation: You are partially covered in large bone plates (AC +2, SH +2). [demonic ancestry]
   485 | D:1      | Reached XP level 2. HP: 14/19 MP: 0/6
  1229 | D:2      | Noticed Robin
  1343 | D:2      | Reached XP level 3. HP: 24/24 MP: 2/7
  1456 | D:2      | Killed Robin
  1458 | D:2      | Noticed Terence
  1781 | D:1      | Learned a level 2 spell: Blink
  1785 | D:1      | Learned a level 3 spell: Mephitic Cloud
  1788 | D:1      | Learned a level 2 spell: Repel Missiles
  1789 | D:2      | Noticed Natasha
  1795 | D:2      | Killed Natasha
  1795 | D:2      | Reached skill level 4 in Conjurations
  1795 | D:2      | Reached XP level 4. HP: 30/30 MP: 0/8
  1898 | D:2      | Noticed Natasha
  2034 | D:1      | Killed Natasha
  2233 | D:1      | Noticed Natasha
  2233 | D:1      | Killed Natasha
  2765 | D:2      | Reached XP level 5. HP: 35/35 MP: 6/9
  2794 | D:2      | Noticed Jessica
  2801 | D:2      | Killed Jessica
  2801 | D:2      | Reached skill level 5 in Conjurations
  2908 | D:2      | Reached skill level 1 in Translocations
  3481 | D:2      | Killed Terence
  3647 | D:3      | Noticed Crazy Yiuf
  3659 | D:3      | Killed Crazy Yiuf
  3764 | D:3      | Noticed Ijyb
  3831 | D:3      | Killed Ijyb
  3831 | D:3      | Gained mutation: You sometimes gain a little power by taking damage. [demonic ancestry]
  3831 | D:3      | Reached XP level 6. HP: 33/41 MP: 3/10
  4614 | D:3      | Found a blossoming altar of Fedhas.
  4616 | D:3      | Found a sparkling altar of Nemelex Xobeh.
  5124 | D:4      | Reached skill level 6 in Conjurations
  5210 | D:4      | Found a shimmering altar of Xom.
  5210 | D:4      | Found a shimmering altar of Xom.
  5568 | D:4      | Found a shimmering altar of Xom.
  6033 | D:4      | Reached XP level 7. HP: 46/46 MP: 1/12
  6476 | D:5      | Entered Level 5 of the Dungeon
  6476 | D:5      | Found Zihefaa's Jewellery Boutique.
  6507 | D:5      | Found Ejuhi's Assorted Antiques.
  6513 | D:5      | Bought a glowing robe for 22 gold pieces
  7021 | D:5      | Found Sobbygum's Distillery.
  7129 | D:5      | Found Lusojyam's General Store.
  7302 | D:5      | Found Husiem's Antique Armour Boutique.
  8241 | D:5      | Reached skill level 7 in Conjurations
  8411 | D:6      | Noticed Duvessa
  8415 | D:6      | Noticed Dowan
  8471 | D:6      | Killed Dowan
  8516 | D:6      | Killed Duvessa
  8516 | D:6      | Gained mutation: You are mostly covered in large bone plates (AC +3, SH +3). [demonic ancestry]
  8516 | D:6      | Reached XP level 8. HP: 41/52 MP: 5/15
  8675 | D:6      | Found Tywiv's Armour Shop.
  8712 | D:6      | Reached skill level 8 in Conjurations
  8842 | D:6      | Learned a level 3 spell: Conjure Flame
  9081 | D:6      | Found Etein's Gadget Shop.
  9333 | D:6      | Reached skill level 5 in Spellcasting
  9369 | D:6      | Found Socrulee's Assorted Antiques.
  9370 | D:6      | Found Etap's Book Shoppe.
  9716 | D:6      | Found Zatteg's Assorted Antiques.
  9719 | D:6      | Found a staircase to the Ecumenical Temple.
 10098 | D:7      | Found a blossoming altar of Fedhas.
 10205 | D:7      | Reached skill level 9 in Conjurations
 11006 | D:7      | Reached skill level 10 in Conjurations
 11173 | D:8      | Gained mutation: You sometimes gain power by taking damage. [demonic ancestry]
 11173 | D:8      | Reached XP level 9. HP: 57/57 MP: 15/16
 11194 | D:8      | Reached skill level 1 in Fire Magic
 11931 | D:8      | Noticed Prince Ribbit
 11948 | D:8      | Mangled by Prince Ribbit

Action                   |  1- 3 |  4- 6 |  7- 9 || total
-------------------------+-------+-------+-------++-------
Melee: Unarmed           |       |     7 |     4 ||    11
 Cast: Magic Dart        |    72 |   235 |   395 ||   702
       Mephitic Cloud    |     1 |    25 |    35 ||    61
       Blink             |       |       |    17 ||    17
       Conjure Flame     |       |       |     9 ||     9
Evoke: Wand              |       |       |     1 ||     1
  Use: Potion            |       |       |     2 ||     2
       Scroll            |       |       |     1 ||     1
  Eat: Chunk             |     2 |    13 |    12 ||    27
       Fruit             |       |     2 |     4 ||     6
       Bread ration      |       |       |     1 ||     1
       Pizza             |       |       |     1 ||     1
